cohdb
Replays
Latest Replays
All Replays
Popular Replays
Top Player Replays
Match Explorer
How It Works
Community
CoH3 Stats
Reddit
Sign in to upload your games and track your stats! →
Sign in with Steam
Match 41162774
Unlisted
Match 41162774
Overview
Messages
Build Orders
End
Construct Infanterie Kompanie
Kettenkrad Recon Vehicle
Selects Terror Battlegroup
Selects Machine Gun Camouflage
MG 42 Machine Gun Team
MG 42 Machine Gun Team
Grenadier Squad
MG 42 Machine Gun Team
Construct Panzergrenadier Kompanie
251 Medium Carrier
Pak 40 Anti-tank Gun Team
Support Elements
Nebelwerfer 42 Rocket Launcher Team
Pak 40 Anti-tank Gun Team
StuG III G Assault Gun
Selects No Quarter
Selects No Quarter
MG 42 Machine Gun Team
Selects Contempt for the Weak
StuG III G Assault Gun
Kettenkrad Recon Vehicle
Side Skirts
StuG III G Assault Gun
StuG III G Assault Gun
251 Medium Carrier
251 Medium Carrier
Selects Propaganda Leaflet Drop
Selects V1 Rocket Strike
251 Medium Carrier
Pioneer Squad
V1 Rocket Strike
Pioneer Squad
Construct Panzer Kompanie
Kettenkrad Recon Vehicle
V1 Rocket Strike
Pioneer Squad
V1 Rocket Strike
Wüstenfuchs Erwin Rommel coh3
AnRitter
R19
高速阿嬤
[HAN]Diederick Kastner
Kusa
ARC_RAID
Seventh SL
0
0
Comments
sign in to comment!
No comments posted yet!